 Dungeon Crawl Stone Soup version 0.17.1-2-g5865329 (webtiles) character file.

88 inmateoo the Sneak (level 4, -1/39 HPs)
             Began as a Deep Dwarf Enchanter on Feb 16, 2016.
             Killed by divine providence
             ... invoked by an orc priest
              (12 damage)
             ... on level 5 of the Dungeon.
             The game lasted 00:06:30 (1303 turns).

inmateoo the Sneak (Deep Dwarf Enchanter)           Turns: 1303, Time: 00:06:31

Health: -1/39      AC:  7    Str: 11 (12) XL:     4   Next: 29%
Magic:  6/6        EV: 11    Int: 16      God:
Gold:   114        SH:  2    Dex: 12 (13) Spells: 1 memorised, 4 levels left

rFire  . . .     SeeInvis .     a - +1 dagger
rCold  . . .     Rnd*Rage +     h - +0 ring mail
rNeg   . . .     SustAt   .     (no shield)
rPois  .         Gourm    .     (no helmet)
rElec  .         Spirit   .     (no cloak)
rCorr  .         Warding  .     (no gloves)
rMut   .         Rnd*Tele +     (no boots)
MR     .....                    (no amulet)
Stlth  ++........               (no ring)
                                n - ring of wizardry

@: non-regenerating, not resistant to hostile enchantments, unstealthy
A: damage resistance, recharge devices, large bone plates 1, berserk 1,
deterioration 1, sense surroundings 1, robust 1, slow regeneration 3,
teleportitis 1
a: Device Recharging


You were on level 5 of the Dungeon.
You were not hungry.

You visited 1 branch of the dungeon, and saw 5 of its levels.

You collected 114 gold pieces.

Inventory:

Hand Weapons
 a - a +1 dagger (weapon)
 f - a -3 hand axe
Armour
 h - a +0 ring mail (worn)
Jewellery
 n - a ring of wizardry (left hand)
Wands
 d - a wand of heal wounds (6)
Scrolls
 m - 3 scrolls of teleportation
 s - a scroll of amnesia
 t - a scroll of recharging
Potions
 b - a potion of resistance
 i - a potion of cancellation {unknown}
 j - a potion of curing {unknown}
 k - 2 potions of brilliance
 l - 2 potions of lignification {unknown}
 o - a potion of ambrosia {unknown}
 p - a potion of flight {unknown}
Books
 c - a book of Maledictions

   Spells                             Type                      Level
   a - Corona                         Hexes                        1
   b - Ensorcelled Hibernation        Hexes/Ice                    2
   c - Confuse                        Hexes                        3
   d - Tukima's Dance                 Hexes                        3
   e - Dazzling Spray                 Conjuration/Hexes            3
Comestibles
 e - 2 bread rations
 g - 2 meat rations
 q - a beef jerky
 r - 2 chunks of flesh


   Skills:
 - Level 0.8 Short Blades
 * Level 2.1 Axes
 + Level 1.6 Armour
 - Level 2.5 Dodging
 - Level 3.6 Stealth
 - Level 1.7 Spellcasting
 + Level 2.6 Hexes
 + Level 1.0 Ice Magic
 + Level 2.1 Evocations


You had 4 spell levels left.
You knew the following spells:

 Your Spells              Type           Power        Failure   Level  Hunger
b - Ensorcelled Hibernat  Hex/Ice        #.....       16%         2    ###....


Dungeon Overview and Level Annotations

Branches:
Dungeon (5/15)
 Temple: D:4-7

Altars:
Dithmenos
Okawaru


Innate Abilities, Weirdness & Mutations

You are resistant to damage.
You can recharge devices by infusing magical energy.
You passively map a small area around you.
You do not regenerate naturally.
You are partially covered in large bone plates (AC +2, SH +2).
You tend to lose your temper in combat.
Your body sometimes deteriorates upon taking damage.
You are robust (+10% HP).
You are occasionally teleported next to monsters.


Message History

You puncture the giant cockroach!
You kill the giant cockroach!
You see here a rapier.
An orc priest comes into view. It is wielding a trident.
An orc comes into view. It is wielding a dagger.
The orc priest shouts!
The orc shouts!
The orc throws a tomahawk.
The tomahawk barely misses you.
You see here a tomahawk.
The orc throws a tomahawk.
The tomahawk barely misses you.
Things that are here:
a tomahawk; 14 gold pieces The orc priest mumbles some strange prayers to Beogh against you.
Something smites you!
* * * LOW HITPOINT WARNING * * *
Your body deteriorates!
You feel weakened.
You see here a black potion.
l - 2 black potions (gained 1)
The orc priest mumbles some strange prayers to Beogh against you.
Something smites you!
You die...

#......###...........,###..#.##
.##...........o.......s..........
.........)..((...............#...
.............................#...
.................................
.##........................###...
* #######..................# #...
#..................###..#
#.......@...............#
#......................##
#..................#####
#######............#
#............# #............#
##############


You could see a scorpion (sleeping) and an orc priest.

Vanquished Creatures
  A worker ant (D:4)
  2 adders (D:4)
  An ooze (D:4)
  2 worms (D:4)
  A ball python (D:5)
  A giant cockroach (D:5)
  2 hobgoblins
  6 jackals
  A kobold (D:2)
  A quokka (D:4)
  4 bats (D:2)
  3 giant geckos
  3 giant newts
  3 goblins
  3 rats
34 creatures vanquished.

Notes
Turn   | Place    | Note
--------------------------------------------------------------
     0 | D:1      | inmateoo the Deep Dwarf Enchanter began the quest for the Orb.
     0 | D:1      | Reached XP level 1. HP: 15/15 MP: 3/3
   149 | D:1      | Reached skill level 1 in Evocations
   206 | D:1      | Reached XP level 2. HP: 11/22 MP: 4/4
   210 | D:1      | Learned a level 2 spell: Ensorcelled Hibernation
   344 | D:2      | Gained mutation: Your body sometimes deteriorates upon taking damage. [potion of mutation]
   344 | D:2      | Gained mutation: You are partially covered in large bone plates (AC +2, SH +2). [potion of mutation]
   344 | D:2      | Gained mutation: You tend to lose your temper in combat. [potion of mutation]
   345 | D:2      | Gained mutation: You are occasionally teleported next to monsters. [potion of mutation]
   345 | D:2      | Gained mutation: You are frail (-10% HP). [potion of mutation]
   345 | D:2      | Lost mutation: Your body sometimes deteriorates upon taking damage. [potion of mutation]
   346 | D:2      | Gained mutation: Your body sometimes deteriorates upon taking damage. [potion of mutation]
   346 | D:2      | Lost mutation: You are frail (-10% HP). [potion of mutation]
   346 | D:2      | Gained mutation: You are robust (+10% HP). [potion of mutation]
   809 | D:4      | Reached skill level 1 in Axes
   809 | D:4      | Reached XP level 3. HP: 18/30 MP: 2/5
   926 | D:4      | Found a shadowy altar of Dithmenos.
  1019 | D:4      | Reached skill level 1 in Armour
  1019 | D:4      | Reached skill level 1 in Ice Magic
  1067 | D:4      | Reached XP level 4. HP: 32/39 MP: 6/6
  1246 | D:5      | Entered Level 5 of the Dungeon
  1246 | D:5      | Found an iron altar of Okawaru.
  1303 | D:5      | Killed from afar by an orc priest

Action                   |  1- 3 |  4- 6 || total
-------------------------+-------+-------++-------
Melee: Dagger            |    68 |    22 ||    90
       Hand axe          |   107 |       ||   107
 Cast: Corona            |     4 |       ||     4
       Ensorcelled Hiber |     8 |     6 ||    14
Evoke: Wand              |     2 |       ||     2
  Use: Scroll            |     9 |       ||     9
       Potion            |     3 |       ||     3
 Stab: Sleeping          |     9 |     6 ||    15
  Eat: Chunk             |     2 |     1 ||     3
